 Dungeon Crawl Stone Soup version 0.27-a0-1513-g2aaa0cc67b (webtiles) character file.

Game seed: 17284958742033557009

1838 nyamberluvr69 the Cleaver (level 9, -3/75 HPs)
             Began as a Formicid Fighter on July 9, 2021.
             Slain by a killer bee (4 damage)
             ... on level 6 of the Dungeon.
             The game lasted 00:15:08 (7859 turns).

nyamberluvr69 the Cleaver (Formicid Fighter)        Turns: 7859, Time: 00:15:09

Health: -3/75      AC: 12    Str: 25    XL:     9   Next: 33%
Magic:  9/9        EV:  6    Int:  7    God:
Gold:   302        SH:  9    Dex: 10    Spells: 8/8 levels left

rFire    . . .     SeeInvis +   a - +0 war axe
rCold    . . .     Faith    .   c - +0 kite shield
rNeg     . . .     Spirit   .   h - +0 chain mail
rPois    .         Reflect  .   (helmet unavailable)
rElec    .         Harm     .   (no cloak)
rCorr    .         Rampage  .   f - +2 pair of gloves
Will     .....                  (no boots)
Stlth    ..........             p - amulet of the acrobat
HPRegen  0.22/turn              (no ring)
MPRegen  0.11/turn              (no ring)

@: lethally poisoned (-3 -> -8)
A: permanent stasis, dig shafts and tunnels, antennae 3, four strong arms
a: Dig, Shaft Self


You were on level 6 of the Dungeon.
You visited 1 branch of the dungeon, and saw 7 of its levels.
You also visited: Sewer.

You collected 358 gold pieces.
You spent 56 gold pieces at shops.

Inventory:

Hand Weapons
 a - a +0 war axe (weapon)
Missiles
 m - 5 boomerangs of dispersal
 s - 2 curare-tipped darts
Armour
 c - a +0 kite shield (worn)
 f - a +2 pair of gloves (worn)
 h - a +0 chain mail (worn)
 v - a +0 plate armour
Jewellery
 p - an amulet of the acrobat (around neck)
Wands
 k - a wand of polymorph (11)
 q - a wand of flame (6)
Scrolls
 l - 2 scrolls of fear
 n - 2 scrolls of magic mapping
 o - 5 scrolls of vulnerability
 r - a scroll of noise {unknown}
 u - 2 scrolls of enchant weapon {unknown}
 w - 2 scrolls of torment {unknown}
 x - 2 scrolls of amnesia {unknown}
Potions
 b - a potion of berserk rage {unknown}
 i - a potion of cancellation
 j - 6 potions of flight


   Skills:
 + Level 8.8 Fighting
 + Level 9.1 Axes
 - Level 3.2 Armour
 - Level 3.6 Shields


You had 8 spell levels left.
You didn't know any spells.
Your spell library contained the following spells:

 Spells                   Type           Power      Damage    Failure   Level
 Animate Skeleton         Necr           0%         N/A       100%        1
 Apportation              Tloc           0%         N/A       100%        1
 Corona                   Hex            0%         N/A       100%        1
 Freeze                   Ice            0%         1d3       100%        1
 Summon Small Mammal      Summ           0%         N/A       100%        1
 Frozen Ramparts          Ice            0%         1d2       100%        3
 Hailstorm                Conj/Ice       0%         3d3       100%        4


Dungeon Overview and Level Annotations

Branches:
Dungeon (7/15)             Temple (0/1) D:5           Sewer (visited)

Altars:

Shops:
D:6 ?*

Annotations:
D:5 3 runed translucent doors, Likado's ghost, weakling GnDe; Zeia's ghost, weakling DrDe; lessens's ghost, novice HOCj
D:6 3 runed translucent doors, atabob's ghost, novice DrCj


Innate Abilities, Weirdness & Mutations

You cannot be hasted, slowed, berserked, paralysed or teleported.
You can dig through walls and to a lower floor.
You have a pair of large antennae on your head. (SInv)
Your four strong arms can wield two-handed weapons with a shield.


Message History

The killer bee is heavily wounded.
You hit the killer bee but do no damage.
You feel very sick.
The killer bee stings you but does no damage. x3
You block the killer bee's attack.
You hit the killer bee but do no damage.
The killer bee is heavily wounded.
You barely miss the killer bee.
You feel very sick.
The killer bee stings you but does no damage.
The killer bee barely misses you. You block the killer bee's attack. x2
The killer bee stings you.
* * * LOW HITPOINT WARNING * * *
You are more poisoned.
The killer bee poisons you!
The killer bee stings you but does no damage.
You closely miss the killer bee.
The killer bee is heavily wounded.
You miss the killer bee.
You feel very sick. You block the killer bee's attack.
The killer bee stings you but does no damage.
You block the killer bee's attack. The killer bee stings you.
* * * LOW HITPOINT WARNING * * *
You barely miss the killer bee.
The killer bee is heavily wounded.
You miss the killer bee.
* * * LOW HITPOINT WARNING * * *
You feel sick. The killer bee closely misses you.
The killer bee barely misses you. x2; The killer bee stings you.
* * * LOW HITPOINT WARNING * * *
The killer bee stings you but does no damage.
You barely miss the killer bee.
The killer bee is severely wounded.
You slash the killer bee!
You kill the killer bee!
* * * LOW HITPOINT WARNING * * *
You feel very sick. The killer bee barely misses you.
The killer bee stings you.
You die...

.......#
#.....#........#
.......#
#.....#........#
.......#
#.....#........#
.......#
#.....#........#
.......#
#.....#........#
.......#
#.....#........#
#......#
#.....#........#
###+####
#.....#........#
#.....##
#†@...#........#
'......#
#..y..#........#
#......#
#.....#........#
########
#.....#........#
.......#
#..)..#........#
(......#
#.....#........#
.......#
#.....#..[.....#
.......#
#.....#........#
.......#
#.....#........#


You could see a killer bee.

Vanquished Creatures
  A water moccasin (D:5)
  Duvessa (D:4)
  A hornet zombie (D:6)
  2 ice beasts
  An ogre (D:5)
  3 black bears
  A necrophage (D:4)
  2 centaurs (D:6)
  A bullfrog (D:5)
  A wyvern zombie (D:6)
  Dowan (D:4)
  2 killer bees (D:6)
  A howler monkey (D:6)
  A bullfrog zombie (D:6)
  A jelly (D:6)
  A centaur skeleton (D:5)
  An iguana (D:6)
  A gnoll shaman (D:5)
  Natasha (D:4)
  An orc wizard (D:4)
  A merfolk avatar (Sewer)
  A merfolk siren (Sewer)
  2 killer bee zombies (D:6)
  A hound skeleton (D:4)
  3 gnolls (D:6)
  4 adders
  2 river rats (Sewer)
  A white imp (D:5)
  An adder skeleton (D:4)
  2 worms
  A dart slug (D:1)
  8 orcs
  10 ball pythons
  9 bats
  3 endoplasms
  8 giant cockroaches
  4 goblins
  4 hobgoblins
  3 jackals (D:2)
  3 kobolds
  5 quokkas
  8 frilled lizards
  29 rats
138 creatures vanquished.

Vanquished Creatures (others)
  A fungus (D:6)
  2 plants (D:6)
  4 withered plants (D:5)
7 creatures vanquished.

Grand Total: 145 creatures vanquished

Notes
Turn   | Place    | Note
-------+----------+-------------------------------------------
     0 | D:1      | nyamberluvr69 the Formicid Fighter began the quest for the
                  | Orb.
     0 | D:1      | Reached XP level 1. HP: 18/18 MP: 1/1
   121 | D:1      | Found a faded altar of an unknown god.
   309 | D:1      | Reached XP level 2. HP: 24/24 MP: 2/2
   505 | D:1      | You fall into a shaft and drop 1 floor!
   520 | D:2      | Reached XP level 3. HP: 21/30 MP: 3/3
   523 | D:2      | Reached skill level 3 in Axes
  1744 | D:2      | Reached XP level 4. HP: 37/37 MP: 4/4
  2803 | D:4      | Reached skill level 4 in Axes
  2803 | D:4      | Reached XP level 5. HP: 29/43 MP: 5/5
  2910 | D:4      | Noticed a black bear
  2912 | D:4      | Noticed Duvessa
  2913 | D:4      | Noticed Dowan
  2962 | D:4      | Killed a black bear
  2963 | D:4      | Reached XP level 6. HP: 37/49 MP: 6/6
  3142 | D:4      | Reached skill level 5 in Axes
  3581 | D:4      | Noticed a necrophage
  3613 | D:4      | Killed a necrophage
  3614 | D:4      | Reached skill level 5 in Fighting
  3733 | D:4      | Noticed a black bear
  3759 | D:4      | Killed a black bear
  3760 | D:4      | Reached XP level 7. HP: 53/56 MP: 7/7
  3826 | D:4      | Noticed Natasha
  3835 | D:4      | Killed Natasha
  3836 | D:4      | Reached skill level 6 in Axes
  4122 | D:4      | Killed Duvessa
  4127 | D:4      | Killed Dowan
  4401 | D:5      | Entered Level 5 of the Dungeon
  4469 | D:5      | Found a glowing drain.
  4493 | Sewer    | Entered a sewer
  4719 | Sewer    | Reached skill level 7 in Axes
  4719 | Sewer    | Reached XP level 8. HP: 62/64 MP: 8/8
  5028 | D:5      | Found a runed translucent gate.
  5028 | D:5      | Found a runed translucent gate.
  5028 | D:5      | Found a runed translucent gate.
  5028 | D:5      | Noticed Zeia's ghost (weakling DrDe)
  5028 | D:5      | Noticed Likado's ghost (weakling GnDe)
  5029 | D:5      | Noticed lessens's ghost (novice HOCj)
  5144 | D:5      | Found a staircase to the Ecumenical Temple.
  5409 | D:5      | HP: 3/65 [water moccasin (2)]
  6405 | D:6      | Reached skill level 8 in Axes
  6467 | D:6      | Found Kerphuic's Magic Scroll Boutique.
  6475 | D:6      | Bought a scroll of identify for 28 gold pieces
  6475 | D:6      | Bought a scroll of identify for 28 gold pieces
  6512 | D:6      | Found a runed translucent gate.
  6512 | D:6      | Found a runed translucent gate.
  6512 | D:6      | Found a runed translucent gate.
  6513 | D:6      | Noticed atabob's ghost (novice DrCj)
  6515 | D:6      | Noticed a kobold demonologist
  6989 | D:6      | Reached XP level 9. HP: 74/74 MP: 9/9
  7331 | D:6      | Found Ighim's Elemental Accessories.
  7713 | D:6      | Reached skill level 9 in Axes
  7859 | D:6      | HP: 1/75 [poisoned by a killer bee]
  7859 | D:6      | Slain by a killer bee

Illustrated notes

Levels and vault maps discovered:
D:1:      mrwooster_arrival_statue_3, layout_loops_corners,
          basic_ecumenical_altar
D:2:      layout_basic
D:3:      layout_basic
D:4:      layout_loops_corners, uniq_natasha, uniq_duvessa
D:5:      layout_gridville, temple_pool_b, gammafunk_ghost_cemetery,
          cheibrodos_sewer_entry_sluice
D:6:      layout_gridville, gammafunk_ghost_nasty_kobolds, serial_shops, shop,
          nicolae_elemental_shop
D:7:      layout_cave_pools, serial_park, serial_park_avenue1,
          serial_park_tiny_pond, serial_park_tiny_2, hangedman_decor_points,
          hex_medium, hangedman_decor_peaks_small

Skill      XL: |  1  2  3  4  5  6  7  8  9 |
---------------+----------------------------+-----
Axes           | 3 4 5 7 8 9 |  9.1
Fighting       | 4 5 6 7 8 |  8.8
Armour         | |  3.2
Shields        | |  3.6

Action                   |  1- 3 |  4- 6 |  7- 9 || total
-------------------------+-------+-------+-------++-------
Melee: War axe           |    97 |    90 |   302 ||   489
 Abil: Dig               |       |       |     3 ||     3
  Use: Potion            |       |       |     4 ||     4
       Scroll            |       |       |     5 ||     5
Armor: Scale mail        |    43 |       |       ||    43
       Chain mail        |     3 |    73 |   160 ||   236
       Skin              |       |       |    10 ||    10
Dodge: Dodged            |    32 |    29 |   124 ||   185
Block: Kite shield       |    55 |    55 |   209 ||   319

Table legend: (Time is in decaauts)
 A = Elapsed time spent in this place.
 B = Non-inter-level travel time spent in this place.
 C = Inter-level travel time spent in this place.
 D = Time resting spent in this place.
 E = Time spent auto-exploring this place.
 F = Levels seen in this place.
 G = Mean time per level.
                   A        B        C        D        E       F      G
               +--------+--------+--------+--------+--------+-----+--------+
         Total |   8096 |   7951 |    145 |   1332 |   5203 |   8 | 1012.0 |
       Dungeon |   7507 |   7362 |    145 |   1332 |   4946 |   7 | 1072.4 |
         Sewer |    589 |    589 |      0 |      0 |    257 |   1 |  589.0 |
               +--------+--------+--------+--------+--------+-----+--------+

Top non-repeatable levels by time:
     D:4: 1661 daAuts
     D:5: 1536 daAuts
     D:6: 1403 daAuts
     D:1: 1245 daAuts
     D:2: 887 daAuts
     D:3: 713 daAuts
   Sewer: 589 daAuts
     D:7: 59 daAuts
